cohdb
Replays
Latest Replays
All Replays
Popular Replays
Top Player Replays
Match Explorer
How It Works
Community
CoH3 Stats
Reddit
Sign in to upload your games and track your stats! →
Sign in with Steam
Match 46491812
Unlisted
Match 46491812
Overview
Messages
Build Orders
End
Construct Infanterie Kompanie
MG 42 Machine Gun Team
Selects Terror Battlegroup
Selects Machine Gun Camouflage
Grenadier Squad
MG 42 Machine Gun Team
Grenadier Squad
Construct Luftwaffe Kompanie
Jäger Squad
Medical Station
Support Elements
Jäger Squad
Wirbelwind Flakpanzer
Selects No Quarter
Wirbelwind Flakpanzer
Pioneer Squad
Marder III M Tank Destroyer
Jäger Squad
Selects King Tiger Heavy Tank
King Tiger Heavy Tank
Seven
mi prima de Cifuentes
Requiel
Siren
0
0
Comments
sign in to comment!
No comments posted yet!